 Dungeon Crawl Stone Soup version 0.28.0-53-g5a82cb258f (webtiles) character file.

Game seed: 11782985784138611977

91 XavierMagnus the Chopper (level 4, 0/34 HPs)
             Began as a Demonspawn Gladiator on May 30, 2022.
             Was a Priest of Wu Jian.
             Slain by an orc wizard
             ... wielding a +0 dagger
              (1 damage)
             ... on level 3 of the Dungeon.
             The game lasted 00:06:31 (2496 turns).

XavierMagnus the Chopper (Demonspawn Gladiator)     Turns: 2496, Time: 00:06:32

Health: 0/34       AC:  4    Str: 16    XL:     4   Next: 34%
Magic:  4/4        EV: 12    Int:  9    God:    Wu Jian [***...]
Gold:   72         SH:  0    Dex: 15    Spells: 3/3 levels left

rFire   . . .      SeeInvis .   a - +0 war axe
rCold   . . .      Faith    .   (no shield)
rNeg    . . .      Spirit   .   b - +0 leather armour
rPois   .          Reflect  .   c - +0 helmet
rElec   .          Harm     .   (no cloak)
rCorr   .          Rampage  .   (no gloves)
Will    .....                   (no boots)
Stlth   +.........              (no amulet)
HPRegen 0.11/turn               (no ring)
MPRegen 0.09/turn               (no ring)

@: confused
A: powered by pain 1, weakness stinger 1
a: Renounce Religion, Wall Jump, Serpent's Lash


You were on level 3 of the Dungeon.
You worshipped Wu Jian.
Wu Jian was most pleased with you.
You visited 1 branch of the dungeon, and saw 3 of its levels.

You collected 72 gold pieces.

Inventory:

Hand Weapons
 a - a +0 war axe (weapon)
Missiles
 d - 3 throwing nets (quivered)
Armour
 b - a +0 leather armour (worn)
 c - a +0 helmet (worn)
Scrolls
 e - 3 scrolls of identify
Potions
 f - 2 potions of lignification {unknown}
 g - a potion of brilliance {unknown}
 h - a potion of heal wounds {unknown}
 i - a potion of degeneration {unknown}


   Skills:
 + Level 2.3 Fighting
 + Level 3.8 Axes
 + Level 1.9 Throwing
 + Level 1.0 Armour
 + Level 3.2 Dodging
 + Level 0.3 Stealth


You had 3 spell levels left.
You didn't know any spells.
Your spell library was empty.

Dungeon Overview and Level Annotations

Branches:
Dungeon (3/15)

Altars:
Wu Jian


Innate Abilities, Weirdness & Mutations

You sometimes gain a little power by taking damage.
You have a small tail.


Message History

You hear some strange, mumbled words.
You are confused.
Something hits you. The bat hits you but does no damage.
You barely miss something. You closely miss the bat. The bat barely misses you.
Something hits you.
You hear some strange, mumbled words.
A magic dart appears from out of thin air!
The magic dart hits you. Something hits you but does no damage.
You hit something. You barely miss the bat. You miss something.
The bat hits you but does no damage.
The sky beast flickers out of sight!
You hear some strange, mumbled words.
A magic dart appears from out of thin air!
The magic dart hits you.
You hear some strange, mumbled words.
Something tries to affect you, but you resist.
A sky beast appears from thin air!
Reactivating autopickup.
The bat hits you but does no damage.
Deactivating autopickup; reactivate with Ctrl-A.
You closely miss something. You closely miss the bat.
You completely miss something. The bat completely misses you.
The bat barely misses you.
You hear some strange, mumbled words.
A magic dart appears from out of thin air!
The magic dart hits you.
* * * LOW HITPOINT WARNING * * *
You hear some strange, mumbled words.
A puff of flame appears from out of thin air!
The puff of flame hits you.
* * * LOW HITPOINT WARNING * * *
You're too confused to move!
The bat hits you but does no damage.
You hear some strange, mumbled words.
You are more confused.
You hear some strange, mumbled words.
Something tries to affect you, but you resist.
You barely miss something. You slash the bat!
You kill the bat!
The Council accepts your kill.
You miss something. Something hits you.
You die...

#....##.##.)...#.# ###.#
. #.......##†..#.#... #
..#.#.....##.......#...
...........#...#...#.#.#
............<.....## # .
........o..#........
...>....S#.####.##...
......KY{{...........
.....#.##@....#.#.#
................#...
........!.....### ##
..............#
...#..........#
..#.....###.## #..... .#
###### .#


You could see a sky beast, an adder, an orc and a kobold.

Vanquished Creatures
  An adder (D:2)
  A worm (D:2)
  2 dart slugs
  An orc (D:3)
  10 endoplasms
  2 giant cockroaches
  12 goblins
  6 hobgoblins
  3 jackals (D:1)
  6 kobolds
  2 quokkas (D:2)
  5 ball pythons
  7 bats
  4 frilled lizards
  6 rats
68 creatures vanquished.

Vanquished Creatures (others)
  5 plants (D:2)
5 creatures vanquished.

Grand Total: 73 creatures vanquished

Notes
Turn   | Place    | Note
-------+----------+-------------------------------------------
     0 | D:1      | XavierMagnus the Demonspawn Gladiator began the quest for
                  | the Orb.
     0 | D:1      | Reached XP level 1. HP: 16/16 MP: 1/1
    14 | D:1      | Prayed at the altar of an unknown god.
    14 | D:1      | Became a worshipper of the Wu Jian Council
    14 | D:1      | Reached * piety under Wu Jian
   139 | D:1      | Gained mutation: You have a small tail. [demonic ancestry]
   139 | D:1      | Reached XP level 2. HP: 1/22 MP: 2/2
   919 | D:1      | Reached XP level 3. HP: 21/27 MP: 3/3
  1160 | D:1      | Reached ** piety under Wu Jian
  1816 | D:2      | Reached skill level 1 in Armour
  1816 | D:2      | Gained mutation: You sometimes gain a little power by
                  | taking damage. [demonic ancestry]
  1816 | D:2      | Reached XP level 4. HP: 16/34 MP: 4/4
  2484 | D:3      | Noticed a sky beast
  2487 | D:3      | Reached *** piety under Wu Jian
  2494 | D:3      | HP: 1/34 [something/puff of flame (5)]
  2496 | D:3      | Slain by an orc wizard

Illustrated notes

Levels and vault maps discovered:
D:1:      wander_arrival_lonely_grave, layout_basic, basic_ecumenical_altar,
          hex_intersection
D:2:      layout_rooms, serial_forest, infiniplex_forest_zigzag_1,
          infiniplex_forest_lined_3, infiniplex_forest_clump_diagonal,
          infiniplex_forest_clump_tiny, infiniplex_forest_clump_small,
          infiniplex_forest_straight_3, infiniplex_forest_zigzag_1,
          infiniplex_forest_lined_2, infiniplex_forest_lined_3_way,
          infiniplex_forest_pool, st_stairs_13
D:3:      layout_basic

Skill      XL: |  1  2  3 |
---------------+----------+-----
Axes           | 3 |  3.8
Dodging        | 3 |  3.2
Armour         | 1 |  1.0
Fighting       | |  2.3
Throwing       | |  1.9
Stealth        | |  0.3

Action                   |  1- 3 |  4- 6 || total
-------------------------+-------+-------++-------
Melee: War axe           |   131 |    39 ||   170
       Tailslap          |    13 |     1 ||    14
Invok: Whirlwind         |    18 |     7 ||    25
       Lunge             |    11 |     3 ||    14
 Abil: Wall Jump         |       |     1 ||     1
  Use: Scroll            |     3 |     1 ||     4
 Stab: Sleeping          |     2 |       ||     2
       Distracted        |       |     1 ||     1
Armor: Leather armour    |    37 |    18 ||    55
Dodge: Dodged            |    96 |    26 ||   122
